 Dungeon Crawl Stone Soup version 0.31-a0-175-g9f7f995f2b (webtiles) character file.

Game seed: 14924398423002767614

30354 qw the Marksnaga (level 13, -7/123 HPs)
             Began as a Naga Hunter on June 16, 2023.
             Was a High Priest of Okawaru.
             Mangled by a death yak (14 damage)
             ... on level 4 of the Lair of Beasts.
             The game lasted 00:05:09 (12506 turns).

qw the Marksnaga (Naga Hunter)                     Turns: 12506, Time: 00:05:10

Health: -7/123     AC: 24    Str: 13    XL:     13   Next: 51%
Magic:  20/20      EV: 14    Int:  9    God:    Okawaru [*****.]
Gold:   667        SH:  4    Dex: 19    Spells: 12/12 levels left

rFire   + . .        Y - +1 arbalest (flame)
rCold   + . .        (shield currently unavailable)
rNeg    . . .        c - +1 robe {rF+}
rPois   +            h - +2 helmet
rElec   .            b - +1 cloak
rCorr   .            (no gloves)
SInv    +            a - +2 barding {Stlth+}
Will    +....        (no amulet)
Stlth   +++++        e - ring of protection from cold
HPRegen 0.40/turn    m - +4 ring of protection
MPRegen 0.17/turn

%: no passive effects
@: heroic, very slow
A: AC +4, large, see invisible, deformed body, poison resistance, slowness 2,
spit poison 1, naga tail 2, stinger 1, large bone plates 1, dopey 1, MP-powered
wands
a: Spit Poison, Renounce Religion, Heroism, Finesse, Duel


You were on level 4 of the Lair of Beasts.
You worshipped Okawaru.
Okawaru was extremely pleased with you.
You visited 3 branches of the dungeon, and saw 14 of its levels.

You collected 667 gold pieces.


Innate Abilities, Weirdness & Mutations

Your serpentine skin is tough. (AC +4)
You have supernaturally acute eyesight. (SInv)
Armour fits poorly on your strangely shaped body.
Your system is resistant to poisons. (rPois)
You cover ground very slowly.
You can spit poison.
You can use your snake-like lower body to constrict enemies.
Your tail ends in a venomous barb.
You are partially covered in large bone plates. (SH +4)
You are dopey. (Int -2)
You expend magic power (3 MP) to strengthen your wands.


   Skills:
 - Level 10.0(15.0) Fighting
 + Level 15.5(20.5) Ranged Weapons
 - Level 3.3(8.3) Armour
 - Level 6.0(11.0) Dodging
 - Level 1.5(6.5) Stealth
 - Level 10.0 Invocations


You had 12 spell levels left.
You didn't know any spells.
Your spell library was empty.

Inventory:

Hand Weapons
 Y - a +1 arbalest of flaming (weapon)
Armour
 a - a +2 barding of stealth (worn)
 b - a +1 cloak (worn)
 c - a +1 robe of fire resistance (worn)
 h - a +2 helmet (worn)
 n - a +0 leather armour of cold resistance
 u - +0 steam dragon scales
Jewellery
 e - a ring of protection from cold (left hand)
 i - a ring of positive energy
 m - a +4 ring of protection (right hand)
Scrolls
 l - a scroll of identify
Potions
 d - 4 potions of curing
 g - a potion of haste {unknown}
 j - a potion of magic {unknown}
 k - a potion of might {unknown}
 p - a potion of cancellation {unknown}
 q - a potion of resistance {unknown}
 s - a potion of mutation

Dungeon Overview and Level Annotations

Branches:
Dungeon (8/15)             Temple (1/1) D:6            Lair (5/5) D:8
 Shoals (0/4) Lair:2       Spider (0/4) Lair:2
  Slime: Lair:4-5

Altars:
Ashenzari
Cheibriados
Dithmenos
Elyvilon
Fedhas
Gozag
Hepliaklqana
Kikubaaqudgha
Nemelex Xobeh
Okawaru
Qazlal
Ru
Uskayaw
Vehumet
Wu Jian
Xom
Yredelemnul
Zin
The Shining One

Shops:
D:2 =


Message History

You shoot a bolt. The bolt hits the elephant!!
The bolt burns the elephant!
The elephant is severely wounded.
The elephant barely misses you.
The elephant trunk-slaps you but does no damage.
The elephant closely misses you.
The elephant trunk-slaps you but does no damage.
The death yak gores you but does no damage.
The elephant tramples you but does no damage.
The elephant trunk-slaps you.
You shoot a bolt. The bolt hits the elephant!
The bolt burns the elephant.
The elephant is almost dead.
The elephant misses you. The elephant barely misses you.
The elephant tramples you.
You hold your ground!
The elephant misses you.
The death yak gores you but does no damage.
The elephant closely misses you. x2
You shoot a bolt.
The bolt completely misses the elephant.
The elephant tramples you!
You hold your ground!
The elephant trunk-slaps you but does no damage.
You block the elephant's attack.
The elephant trunk-slaps you but does no damage.
The death yak gores you! You block the elephant's attack.
The elephant trunk-slaps you but does no damage.
You shoot a bolt. The bolt hits the elephant!
The bolt burns the elephant.
The elephant is almost dead.
The elephant misses you. The elephant trunk-slaps you.
The elephant barely misses you.
The elephant trunk-slaps you but does no damage.
The death yak gores you but does no damage.
The elephant tramples you!
You hold your ground!
The elephant trunk-slaps you but does no damage.
You shoot a bolt. The bolt hits the elephant!!
The bolt burns the elephant.
You kill the elephant!
Okawaru accepts your kill.
You can now enter into single combat with a foe.
Okawaru will now gift you equipment as you gain piety.
The elephant tramples you.
You hold your ground!
The elephant trunk-slaps you but does no damage.
The death yak gores you!
You die...

###..##.P.....###..# #
#..........## ##.# #
#.P..##...## ##.## #
#.P#####..# #...#
###..# ##..# ##.##
##..## #..#######.##
##.# #..##..##...#
##..### ##..#[#YP%..#
......# #.....Y@%..##
.##.PP#####.#####Y...#
.##........#.# ##....#
.###.####..#####P...##
..######....#.##....##
..###.##.....###..#..#
..............#.#...##
!#..................##
##..#.............#..#


You could see a death yak and 2 elephants.

Vanquished Creatures
  4 hydras
  6 death yaks
  A skyshark (Lair:3)
  14 elephants
  A black mamba (Lair:2)
  8 cane toads
  A torpor snail (Lair:1)
  2 rime drakes
  4 komodo dragons
  3 polar bears
  15 dream sheep
  4 blink frogs (Lair:4)
  A snapping turtle (Lair:2)
  33 yaks
  3 wyverns
  2 basilisks (Lair:4)
  3 steam dragons
  An acid dragon (D:8)
  10 water moccasins
  An ice beast (D:6)
  A sky beast (D:6)
  An orc warrior (D:7)
  4 black bears
  3 wolves (Lair:4)
  An ogre (D:5)
  3 phantoms
  12 bullfrogs
  A gnoll sergeant (D:6)
  11 scorpions
  9 wights (D:8)
  3 killer bees (D:8)
  4 howler monkeys
  A jelly (D:3)
  2 hounds
  A gnoll bouda (D:6)
  An iron imp (D:3)
  2 iguanas (D:5)
  2 sleepcaps (D:5)
  8 orc wizards
  11 gnolls
  3 adders
  A white imp (D:7)
  2 worms
  2 dart slugs
  31 orcs
  5 ball pythons
  8 bats
  4 endoplasms
  3 giant cockroaches
  6 goblins
  6 hobgoblins
  8 jackals
  3 quokkas
  A frilled lizard (D:2)
  6 kobolds
  2 rats (D:3)
289 creatures vanquished.

Notes
Turn   | Place    | Note
-------+----------+-------------------------------------------
     0 | D:1      | qw the Naga Hunter began the quest for the Orb.
     0 | D:1      | Reached XP level 1. HP: 19/19 MP: 1/1
     0 | D:1      | 0 ||| qw: Version: 0.2-a-29-g511e9b1
     0 | D:1      | 0 ||| qw: Game counter: 5741
     0 | D:1      | 0 ||| qw: Always use a shield: true
     0 | D:1      | 0 ||| qw: God list: Okawaru
     0 | D:1      | 0 ||| qw: Allow faded altars: false
     0 | D:1      | 0 ||| qw: Do Orc after D:15 true
     0 | D:1      | 0 ||| qw: Do second Lair branch before Depths: true
     0 | D:1      | 0 ||| qw: Lair rune preference: random
     0 | D:1      | 0 ||| qw: Plans: Normal
     0 | D:1      | 0 ||| PLANNING D:1-11
     6 | D:1      | 6 ||| INVOKING Spit Poison.
    16 | D:1      | 16 ||| INVOKING Spit Poison.
    30 | D:1      | 30 ||| INVOKING Spit Poison.
    67 | D:1      | 67 ||| INVOKING Spit Poison.
    71 | D:1      | 71 ||| INVOKING Spit Poison.
    74 | D:1      | 74 ||| INVOKING Spit Poison.
    76 | D:1      | Reached skill level 4 in Ranged Weapons
    76 | D:1      | Reached XP level 2. HP: 10/26 MP: 2/2
   159 | D:1      | 159 ||| INVOKING Spit Poison.
   163 | D:1      | 163 ||| INVOKING Spit Poison.
   177 | D:1      | 177 ||| INVOKING Spit Poison.
   196 | D:1      | 196 ||| INVOKING Spit Poison.
   209 | D:1      | 209 ||| INVOKING Spit Poison.
   320 | D:1      | 320 ||| INVOKING Spit Poison.
   321 | D:1      | 321 ||| INVOKING Spit Poison.
   429 | D:1      | 429 ||| INVOKING Spit Poison.
   484 | D:1      | 484 ||| INVOKING Spit Poison.
   536 | D:1      | 536 ||| INVOKING Spit Poison.
   538 | D:1      | Reached XP level 3. HP: 32/32 MP: 3/3
   560 | D:1      | 560 ||| INVOKING Spit Poison.
   754 | D:1      | 754 ||| UPGRADING to +0 helmet.
   759 | D:1      | 759 ||| READING scroll labelled ZITEXTEDUPN.
   760 | D:1      | 760 ||| READING scroll labelled RUNADA QEVUM.
   760 | D:1      | Identified a scroll of acquirement
   760 | D:1      | 760 ||| ACQUIRING +2 barding of stealth
   760 | D:1      | Acquired a +2 barding of stealth
   762 | D:1      | 762 ||| UPGRADING to +2 barding of stealth.
   767 | D:1      | 767 ||| DRINKING 2 glowing silvery potions.
   768 | D:1      | 768 ||| DROPPING scroll of butterflies.
   891 | D:2      | 891 ||| INVOKING Spit Poison.
   909 | D:2      | Found Lucheo's Jewellery Shop.
   912 | D:2      | 912 ||| INVOKING Spit Poison.
   916 | D:2      | 916 ||| SHOPLISTING +5 ring of evasion (396 gold, have 22).
   916 | D:2      | 916 ||| SHOPLISTING amulet of reflection (330 gold, have
                  | 22).
   916 | D:2      | 916 ||| SHOPLISTING amulet of regeneration (330 gold, have
                  | 22).
   916 | D:2      | 916 ||| SHOPLISTING ring "Xeba" {+Blink rElec rC+ rCorr
                  | Int-2} (481 gold, have 22).
   916 | D:2      | 916 ||| SHOPLISTING ring of Gydeekky {Str+6 SInv} (519
                  | gold, have 22).
   916 | D:2      | 916 ||| SHOPLISTING ring of ice (275 gold, have 22).
   916 | D:2      | 916 ||| SHOPLISTING ring of resist corrosion (220 gold,
                  | have 22).
   998 | D:2      | 998 ||| INVOKING Spit Poison.
  1010 | D:2      | Found a faded altar of an unknown god.
  1033 | D:2      | 1033 ||| INVOKING Spit Poison.
  1187 | D:2      | 1187 ||| UPGRADING to ring of positive energy.
  1188 | D:2      | 1188 ||| READING 2 scrolls labelled MIG NUXKOH.
  1189 | D:2      | 1189 ||| READING scroll labelled RIGENTOSUF.
  1190 | D:2      | 1190 ||| READING scroll labelled PAARAZ ITEIP.
  1191 | D:2      | 1191 ||| DROPPING scroll of amnesia.
  1206 | D:3      | 1206 ||| INVOKING Spit Poison.
  1225 | D:3      | Noticed a scorpion
  1228 | D:3      | 1228 ||| INVOKING Spit Poison.
  1234 | D:3      | 1234 ||| INVOKING Spit Poison.
  1235 | D:3      | Killed a scorpion
  1236 | D:3      | Reached XP level 4. HP: 39/39 MP: 4/4
  1239 | D:3      | Found a snail-covered altar of Cheibriados.
  1240 | D:3      | 1240 ||| READING scroll labelled ZAYKUL JEFIRUN.
  1260 | D:3      | 1260 ||| INVOKING Spit Poison.
  1319 | D:3      | 1319 ||| INVOKING Spit Poison.
  1340 | D:3      | Reached XP level 5. HP: 18/45 MP: 5/5
  1445 | D:3      | 1445 ||| DRINKING 2 fuming emerald potions.
  1446 | D:3      | 1446 ||| DRINKING 2 red potions.
  1447 | D:3      | 1447 ||| DRINKING 2 sedimented coppery potions.
  1448 | D:3      | 1448 ||| DROPPING potion of attraction.
  1449 | D:3      | 1449 ||| INVOKING Spit Poison.
  1453 | D:3      | 1453 ||| DROPPING potion of brilliance.
  1494 | D:3      | 1494 ||| INVOKING Spit Poison.
  1601 | D:3      | 1601 ||| INVOKING Spit Poison.
  1609 | D:3      | 1609 ||| INVOKING Spit Poison.
  1722 | D:3      | 1722 ||| UPGRADING to amulet of guardian spirit.
  1727 | D:3      | 1727 ||| READING scroll labelled VEYQUKH IPPUM.
  1762 | D:4      | 1762 ||| INVOKING Spit Poison.
  1765 | D:4      | 1765 ||| INVOKING Spit Poison.
  1769 | D:4      | 1769 ||| INVOKING Spit Poison.
  1770 | D:4      | Reached skill level 5 in Ranged Weapons
  1770 | D:4      | 1770 ||| STAIRDANCE
  1822 | D:4      | 1822 ||| INVOKING Spit Poison.
  1877 | D:4      | 1877 ||| INVOKING Spit Poison.
  1941 | D:4      | 1941 ||| INVOKING Spit Poison.
  1943 | D:4      | Reached skill level 3 in Fighting
  1980 | D:4      | 1980 ||| INVOKING Spit Poison.
  1984 | D:4      | 1984 ||| INVOKING Spit Poison.
  2101 | D:4      | Found an ancient bone altar of Kikubaaqudgha.
  2110 | D:4      | Noticed a black bear
  2111 | D:4      | 2111 ||| INVOKING Spit Poison.
  2118 | D:4      | 2118 ||| INVOKING Spit Poison.
  2122 | D:4      | Reached XP level 6. HP: 40/56 MP: 2/6
  2123 | D:4      | 2123 ||| INVOKING Spit Poison.
  2126 | D:4      | 2126 ||| INVOKING Spit Poison.
  2128 | D:4      | HP: 14/56 [black bear (1)]
  2129 | D:4      | 2129 ||| DRINKING potion of heal wounds.
  2130 | D:4      | HP: 5/56 [black bear (7)]
  2132 | D:4      | Killed a black bear
  2133 | D:4      | 2133 ||| INVOKING Spit Poison.
  2359 | D:4      | 2359 ||| INVOKING Spit Poison.
  2363 | D:4      | 2363 ||| INVOKING Spit Poison.
  2366 | D:4      | 2366 ||| INVOKING Spit Poison.
  2381 | D:4      | 2381 ||| INVOKING Spit Poison.
  2415 | D:4      | 2415 ||| INVOKING Spit Poison.
  2535 | D:4      | 2535 ||| INVOKING Spit Poison.
  2536 | D:4      | Reached skill level 6 in Ranged Weapons
  2628 | D:4      | 2628 ||| INVOKING Spit Poison.
  2629 | D:4      | 2629 ||| DRINKING 4 potions of curing.
  2629 | D:4      | 2629 ||| (to cure confusion)
  2632 | D:4      | 2632 ||| Stepping ~*~*~tactically~*~*~ (outnumbered).
  2635 | D:4      | 2635 ||| INVOKING Spit Poison.
  2636 | D:4      | 2636 ||| Stepping ~*~*~tactically~*~*~ (outnumbered).
  2640 | D:4      | 2640 ||| DRINKING 3 potions of curing.
  2640 | D:4      | 2640 ||| (to cure confusion)
  2642 | D:4      | 2642 ||| INVOKING Spit Poison.
  2673 | D:4      | 2673 ||| INVOKING Spit Poison.
  2676 | D:4      | 2676 ||| INVOKING Spit Poison.
  2681 | D:4      | 2681 ||| INVOKING Spit Poison.
  2682 | D:4      | Reached XP level 7. HP: 62/64 MP: 7/7
  2688 | D:4      | 2688 ||| INVOKING Spit Poison.
  2823 | D:4      | 2823 ||| UPGRADING to +1 cloak.
  2828 | D:4      | 2828 ||| UPGRADING to +0 leather armour of cold resistance.
  2838 | D:4      | 2838 ||| DROPPING +0 leather armour.
  2886 | D:5      | Entered Level 5 of the Dungeon
  2887 | D:5      | 2887 ||| INVOKING Spit Poison.
  2891 | D:5      | 2891 ||| INVOKING Spit Poison.
  3055 | D:5      | 3055 ||| INVOKING Spit Poison.
  3071 | D:5      | 3071 ||| INVOKING Spit Poison.
  3095 | D:5      | 3095 ||| INVOKING Spit Poison.
  3101 | D:5      | 3101 ||| INVOKING Spit Poison.
  3155 | D:5      | 3155 ||| INVOKING Spit Poison.
  3162 | D:5      | Reached skill level 7 in Ranged Weapons
  3175 | D:5      | 3175 ||| INVOKING Spit Poison.
  3285 | D:5      | 3285 ||| INVOKING Spit Poison.
  3420 | D:5      | You fall into a shaft and drop 1 floor!
  3431 | D:6      | 3431 ||| INVOKING Spit Poison.
  3434 | D:6      | Reached XP level 8. HP: 72/72 MP: 8/8
  3472 | D:6      | 3472 ||| READING scroll labelled DEMEVVU QISIOW.
  3605 | D:5      | 3605 ||| INVOKING Spit Poison.
  3607 | D:5      | 3607 ||| Stepping ~*~*~tactically~*~*~ (outnumbered).
  3610 | D:5      | 3610 ||| Stepping ~*~*~tactically~*~*~ (outnumbered).
  3611 | D:5      | 3611 ||| INVOKING Spit Poison.
  3614 | D:5      | 3614 ||| INVOKING Spit Poison.
  3615 | D:5      | 3615 ||| INVOKING Spit Poison.
  3618 | D:5      | 3618 ||| Stepping ~*~*~tactically~*~*~ (outnumbered).
  3619 | D:5      | 3619 ||| INVOKING Spit Poison.
  3624 | D:5      | 3624 ||| INVOKING Spit Poison.
  3639 | D:5      | 3639 ||| INVOKING Spit Poison.
  3746 | D:5      | 3746 ||| UPGRADING to +1 robe of fire resistance.
  3892 | D:6      | Reached skill level 8 in Ranged Weapons
  3935 | D:6      | 3935 ||| INVOKING Spit Poison.
  3955 | D:6      | 3955 ||| INVOKING Spit Poison.
  3960 | D:6      | 3960 ||| INVOKING Spit Poison.
  3965 | D:6      | 3965 ||| INVOKING Spit Poison.
  4059 | D:6      | 4059 ||| INVOKING Spit Poison.
  4067 | D:6      | 4067 ||| INVOKING Spit Poison.
  4096 | D:6      | Found a staircase to the Ecumenical Temple.
  4097 | D:6      | 4097 ||| PLANNING TEMPLE
  4102 | Temple   | Entered the Ecumenical Temple
  4128 | Temple   | 4128 ||| PLANNING OKAWARU WORSHIP
  4291 | Temple   | Became a worshipper of Warmaster Okawaru
  4292 | Temple   | 4292 ||| PLANNING D:1-11
  4292 | Temple   | 4292 ||| REMOVING amulet of guardian spirit.
  4297 | Temple   | 4297 ||| DROPPING amulet of guardian spirit.
  4322 | D:6      | 4322 ||| INVOKING Spit Poison.
  4334 | D:6      | 4334 ||| INVOKING Spit Poison.
  4336 | D:6      | 4336 ||| Stepping ~*~*~tactically~*~*~ (outnumbered).
  4338 | D:6      | 4338 ||| INVOKING Spit Poison.
  4340 | D:6      | 4340 ||| Stepping ~*~*~tactically~*~*~ (outnumbered).
  4343 | D:6      | 4343 ||| INVOKING Spit Poison.
  4350 | D:6      | 4350 ||| INVOKING Spit Poison.
  4355 | D:6      | 4355 ||| INVOKING Spit Poison.
  4539 | D:6      | 4539 ||| INVOKING Spit Poison.
  4543 | D:6      | 4543 ||| INVOKING Spit Poison.
  4551 | D:6      | 4551 ||| INVOKING Spit Poison.
  4556 | D:6      | 4556 ||| INVOKING Spit Poison.
  4556 | D:6      | HP: 16/75 [gnoll/+0 flail[a gnoll sergeant] (7)]
  4557 | D:6      | 4557 ||| DRINKING 2 potions of heal wounds.
  4563 | D:6      | 4563 ||| INVOKING Spit Poison.
  4566 | D:6      | 4566 ||| INVOKING Spit Poison.
  4572 | D:6      | 4572 ||| INVOKING Spit Poison.
  4575 | D:6      | HP: 17/75 [ice beast (8)]
  4576 | D:6      | 4576 ||| DRINKING potion of heal wounds.
  4578 | D:6      | 4578 ||| INVOKING Spit Poison.
  4582 | D:6      | 4582 ||| INVOKING Spit Poison.
  4589 | D:6      | Reached skill level 9 in Ranged Weapons
  4887 | D:6      | Found a sparkling altar of Nemelex Xobeh.
  4903 | D:6      | Found a white marble altar of Elyvilon.
  5018 | D:6      | 5018 ||| READING 2 scrolls labelled USISAF MIJOE.
  5019 | D:6      | 5019 ||| READING scroll of enchant armour.
  5019 | D:6      | 5019 ||| ENCHANTING +0 helmet.
  5020 | D:6      | 5020 ||| DRINKING 2 dark potions.
  5020 | D:6      | Gained mutation: You occasionally lose the ability to read
                  | scrolls when taking damage. [potion of mutation]
  5020 | D:6      | Gained mutation: You are partially covered in large bone
                  | plates. (SH +4) [potion of mutation]
  5020 | D:6      | Gained mutation: You expend magic power (3 MP) to
                  | strengthen your wands. [potion of mutation]
  5020 | D:6      | Gained mutation: You are agile. (Dex +4, Str/Int -1)
                  | [potion of mutation]
  5021 | D:6      | 5021 ||| DRINKING potion of mutation.
  5021 | D:6      | Lost mutation: You occasionally lose the ability to read
                  | scrolls when taking damage. [potion of mutation]
  5021 | D:6      | Lost mutation: You expend magic power (3 MP) to strengthen
                  | your wands. [potion of mutation]
  5021 | D:6      | Gained mutation: You are frail. (-10% HP) [potion of
                  | mutation]
  5021 | D:6      | Gained mutation: You have very sharp teeth. [potion of
                  | mutation]
  5076 | D:7      | 5076 ||| INVOKING Spit Poison.
  5080 | D:7      | Reached * piety under Okawaru
  5081 | D:7      | Reached XP level 9. HP: 69/72 MP: 9/9
  5123 | D:7      | 5123 ||| INVOKING Spit Poison.
  5128 | D:7      | 5128 ||| INVOKING Spit Poison.
  5146 | D:7      | Reached skill level 3 in Dodging
  5146 | D:7      | Reached skill level 1 in Invocations
  5157 | D:7      | 5157 ||| INVOKING Spit Poison.
  5160 | D:7      | 5160 ||| INVOKING Spit Poison.
  5172 | D:7      | 5172 ||| INVOKING Spit Poison.
  5180 | D:7      | 5180 ||| INVOKING Spit Poison.
  5185 | D:7      | 5185 ||| INVOKING Spit Poison.
  5190 | D:7      | 5190 ||| INVOKING Spit Poison.
  5367 | D:7      | 5367 ||| INVOKING Spit Poison.
  5371 | D:7      | 5371 ||| INVOKING Spit Poison.
  5376 | D:7      | 5376 ||| INVOKING Spit Poison.
  5382 | D:7      | 5382 ||| INVOKING Spit Poison.
  5539 | D:7      | 5539 ||| INVOKING Spit Poison.
  5543 | D:7      | 5543 ||| INVOKING Spit Poison.
  5551 | D:7      | 5551 ||| INVOKING Spit Poison.
  5554 | D:7      | Reached skill level 6 in Fighting
  5848 | D:7      | 5848 ||| INVOKING Spit Poison.
  5854 | D:7      | 5854 ||| INVOKING Heroism.
  5855 | D:7      | 5855 ||| INVOKING Spit Poison.
  5864 | D:7      | 5864 ||| INVOKING Spit Poison.
  5939 | D:7      | 5939 ||| UPGRADING to +0 arbalest of flaming.
  5940 | D:7      | 5940 ||| DROPPING +0 shortbow.
  6015 | D:7      | 6015 ||| INVOKING Spit Poison.
  6220 | D:7      | 6220 ||| READING scroll labelled GOS UJAZXIGUI.
  6221 | D:7      | 6221 ||| READING scroll labelled LEG IZEORAAGGU.
  6322 | D:7      | 6322 ||| READING scroll labelled CULYAN UHEHI.
  6323 | D:7      | 6323 ||| DRINKING 2 inky potions.
  6356 | D:7      | 6356 ||| DROPPING potion of lignification.
  6393 | D:8      | 6393 ||| INVOKING Spit Poison.
  6398 | D:8      | 6398 ||| INVOKING Spit Poison.
  6419 | D:8      | 6419 ||| INVOKING Spit Poison.
  6441 | D:8      | Reached skill level 3 in Invocations
  6459 | D:8      | 6459 ||| INVOKING Spit Poison.
  6467 | D:8      | 6467 ||| INVOKING Spit Poison.
  6471 | D:8      | 6471 ||| INVOKING Spit Poison.
  6477 | D:8      | 6477 ||| INVOKING Spit Poison.
  6478 | D:8      | 6478 ||| INVOKING Heroism.
  6581 | D:8      | Reached skill level 10 in Ranged Weapons
  6736 | D:8      | 6736 ||| INVOKING Spit Poison.
  6739 | D:8      | 6739 ||| INVOKING Heroism.
  6741 | D:8      | 6741 ||| INVOKING Spit Poison.
  6959 | D:8      | 6959 ||| Stepping ~*~*~tactically~*~*~ (outnumbered).
  6961 | D:8      | Reached ** piety under Okawaru
  6962 | D:8      | Reached XP level 10. HP: 82/82 MP: 13/13
  6966 | D:8      | 6966 ||| INVOKING Heroism.
  7283 | D:8      | 7283 ||| INVOKING Spit Poison.
  7333 | D:8      | Found a staircase to the Lair.
  7347 | D:8      | 7347 ||| INVOKING Spit Poison.
  7350 | D:8      | 7350 ||| INVOKING Spit Poison.
  7351 | D:8      | 7351 ||| INVOKING Spit Poison.
  7355 | D:8      | 7355 ||| INVOKING Spit Poison.
  7358 | D:8      | 7358 ||| INVOKING Heroism.
  7361 | D:8      | 7361 ||| INVOKING Spit Poison.
  7612 | D:8      | 7612 ||| PLANNING LAIR
  7652 | D:8      | 7652 ||| INVOKING Heroism.
  7673 | D:8      | 7673 ||| INVOKING Spit Poison.
  7677 | D:8      | Reached skill level 11 in Ranged Weapons
  7727 | Lair:1   | Entered Level 1 of the Lair of Beasts
  7728 | Lair:1   | 7728 ||| INVOKING Heroism.
  7729 | Lair:1   | 7729 ||| INVOKING Spit Poison.
  7868 | Lair:1   | 7868 ||| INVOKING Spit Poison.
  7872 | Lair:1   | 7872 ||| INVOKING Spit Poison.
  7876 | Lair:1   | 7876 ||| INVOKING Heroism.
  7877 | Lair:1   | 7877 ||| INVOKING Spit Poison.
  7881 | Lair:1   | 7881 ||| INVOKING Spit Poison.
  7885 | Lair:1   | 7885 ||| INVOKING Spit Poison.
  8005 | Lair:1   | Noticed a cane toad
  8006 | Lair:1   | 8006 ||| INVOKING Heroism.
  8012 | Lair:1   | Killed a cane toad
  8038 | Lair:1   | 8038 ||| INVOKING Spit Poison.
  8086 | Lair:1   | 8086 ||| INVOKING Spit Poison.
  8224 | Lair:1   | Noticed a cane toad
  8225 | Lair:1   | 8225 ||| INVOKING Heroism.
  8228 | Lair:1   | Killed a cane toad
  8310 | Lair:1   | Noticed a death yak
  8310 | Lair:1   | Noticed a death yak
  8311 | Lair:1   | 8311 ||| INVOKING Heroism.
  8312 | Lair:1   | 8312 ||| INVOKING Spit Poison.
  8313 | Lair:1   | Noticed a torpor snail
  8315 | Lair:1   | 8315 ||| INVOKING Spit Poison.
  8316 | Lair:1   | 8316 ||| INVOKING Spit Poison.
  8318 | Lair:1   | 8318 ||| INVOKING Spit Poison.
  8319 | Lair:1   | Killed a death yak
  8320 | Lair:1   | Reached XP level 11. HP: 50/92 MP: 12/14
  8322 | Lair:1   | 8322 ||| INVOKING Spit Poison.
  8323 | Lair:1   | HP: 17/92 [death yak[a torpor snail] (12)]
  8324 | Lair:1   | 8324 ||| READING scroll of teleportation.
  8324 | Lair:1   | HP: 3/92 [death yak[a torpor snail] (8)]
  8325 | Lair:1   | 8325 ||| DRINKING 2 potions of heal wounds.
  8610 | Lair:1   | 8610 ||| INVOKING Heroism.
  8612 | Lair:1   | 8612 ||| INVOKING Spit Poison.
  8614 | Lair:1   | 8614 ||| INVOKING Spit Poison.
  8617 | Lair:1   | Reached skill level 12 in Ranged Weapons
  8618 | Lair:1   | Killed a death yak
  8618 | Lair:1   | Reached *** piety under Okawaru
  8619 | Lair:1   | Reached skill level 3 in Armour
  8674 | Lair:1   | 8674 ||| UPGRADING to +4 ring of protection.
  8675 | Lair:1   | 8675 ||| DRINKING 2 fizzy amethyst potions.
  8676 | Lair:1   | 8676 ||| DRINKING 4 potions of curing.
  8676 | Lair:1   | 8676 ||| (to cure confusion)
  8677 | Lair:1   | 8677 ||| DRINKING 2 sapphire potions.
  8782 | Lair:1   | 8782 ||| DROPPING potion of ambrosia.
  8783 | Lair:1   | 8783 ||| DROPPING potion of berserk rage.
  8815 | Lair:2   | 8815 ||| INVOKING Heroism.
  8836 | Lair:2   | 8836 ||| INVOKING Heroism.
  8849 | Lair:2   | 8849 ||| INVOKING Spit Poison.
  8876 | Lair:2   | 8876 ||| INVOKING Spit Poison.
  8900 | Lair:2   | Noticed a five-headed hydra
  8901 | Lair:2   | 8901 ||| INVOKING Heroism.
  8904 | Lair:2   | 8904 ||| INVOKING Spit Poison.
  8906 | Lair:2   | Killed a five-headed hydra
  8908 | Lair:2   | Reached skill level 13 in Ranged Weapons
  8945 | Lair:2   | Reached **** piety under Okawaru
  8971 | Lair:2   | 8971 ||| INVOKING Spit Poison.
  8974 | Lair:2   | 8974 ||| INVOKING Spit Poison.
  8979 | Lair:2   | 8979 ||| INVOKING Spit Poison.
  8982 | Lair:2   | 8982 ||| INVOKING Spit Poison.
  8983 | Lair:2   | 8983 ||| INVOKING Heroism.
  8988 | Lair:2   | 8988 ||| INVOKING Spit Poison.
  8991 | Lair:2   | 8991 ||| INVOKING Spit Poison.
  9088 | Lair:2   | 9088 ||| INVOKING Spit Poison.
  9092 | Lair:2   | 9092 ||| INVOKING Spit Poison.
  9097 | Lair:2   | 9097 ||| INVOKING Spit Poison.
  9100 | Lair:2   | 9100 ||| INVOKING Spit Poison.
  9103 | Lair:2   | 9103 ||| INVOKING Spit Poison.
  9106 | Lair:2   | 9106 ||| INVOKING Heroism.
  9107 | Lair:2   | 9107 ||| INVOKING Spit Poison.
  9110 | Lair:2   | Reached skill level 9 in Fighting
  9113 | Lair:2   | 9113 ||| INVOKING Spit Poison.
  9115 | Lair:2   | HP: 22/95 [elephant (3)]
  9116 | Lair:2   | 9116 ||| DRINKING potion of heal wounds.
  9117 | Lair:2   | 9117 ||| INVOKING Spit Poison.
  9123 | Lair:2   | 9123 ||| INVOKING Spit Poison.
  9126 | Lair:2   | Reached skill level 6 in Invocations
  9276 | Lair:2   | 9276 ||| INVOKING Spit Poison.
  9282 | Lair:2   | Reached XP level 12. HP: 102/102 MP: 16/16
  9341 | Lair:2   | Found a hole to the Spider Nest.
  9376 | Lair:2   | 9376 ||| DRINKING 2 smoky emerald potions.
  9556 | Lair:2   | Reached ***** piety under Okawaru
  9567 | Lair:2   | Reached skill level 6 in Dodging
  9629 | Lair:2   | Found a staircase to the Shoals.
  9793 | Lair:2   | 9793 ||| INVOKING Heroism.
  9965 | Lair:2   | 9965 ||| DROPPING potion of degeneration.
 10003 | Lair:3   | 10003 ||| STAIRDANCE
 10081 | Lair:3   | 10081 ||| INVOKING Heroism.
 10099 | Lair:3   | 10099 ||| READING scroll of enchant armour.
 10099 | Lair:3   | 10099 ||| ENCHANTING +1 helmet.
 10118 | Lair:3   | 10118 ||| DRINKING potion of mutation.
 10118 | Lair:3   | Lost mutation: You are agile. (Dex +4, Str/Int -1) [potion
                  | of mutation]
 10118 | Lair:3   | Lost mutation: You are frail. (-10% HP) [potion of
                  | mutation]
 10118 | Lair:3   | Lost mutation: You have very sharp teeth. [potion of
                  | mutation]
 10118 | Lair:3   | Gained mutation: You are dopey. (Int -2) [potion of
                  | mutation]
 10118 | Lair:3   | Gained mutation: You expend magic power (3 MP) to
                  | strengthen your wands. [potion of mutation]
 10118 | Lair:3   | Gained mutation: Your tail ends in a venomous barb. [potion
                  | of mutation]
 10181 | Lair:3   | Noticed a six-headed hydra
 10182 | Lair:3   | 10182 ||| INVOKING Heroism.
 10186 | Lair:3   | Killed a six-headed hydra
 10247 | Lair:3   | 10247 ||| INVOKING Heroism.
 10291 | Lair:3   | Noticed a five-headed hydra
 10292 | Lair:3   | 10292 ||| INVOKING Heroism.
 10294 | Lair:3   | Killed a five-headed hydra
 10390 | Lair:3   | 10390 ||| INVOKING Heroism.
 10475 | Lair:3   | 10475 ||| INVOKING Heroism.
 10477 | Lair:3   | Identified the +0 shadow dragon scales of Complete
                  | Protection {rPois Dex+5 Stlth++++} (Okawaru gifted it to
                  | you on level 3 of the Lair of Beasts)
 10477 | Lair:3   | Received a gift from Okawaru
 10478 | Lair:3   | Reached skill level 9 in Invocations
 10614 | Lair:3   | Noticed a skyshark
 10624 | Lair:3   | Killed a skyshark
 10699 | Lair:3   | Reached skill level 14 in Ranged Weapons
 10712 | Lair:3   | 10712 ||| INVOKING Heroism.
 11019 | Lair:3   | 11019 ||| UPGRADING to ring of protection from cold.
 11021 | Lair:3   | 11021 ||| DROPPING ring of wizardry.
 11022 | Lair:3   | 11022 ||| READING scroll labelled UFESUTZO IQYQ.
 11023 | Lair:3   | 11023 ||| READING scroll labelled JECALU WUOHOI.
 11031 | Lair:4   | Noticed a seven-headed hydra
 11032 | Lair:4   | 11032 ||| INVOKING Heroism.
 11035 | Lair:4   | Killed a seven-headed hydra
 11250 | Lair:4   | 11250 ||| INVOKING Heroism.
 11252 | Lair:4   | Gained mutation: You can use your snake-like lower body to
                  | constrict enemies. [Naga growth]
 11252 | Lair:4   | Reached XP level 13. HP: 123/123 MP: 17/20
 11739 | Lair:4   | 11739 ||| INVOKING Heroism.
 12083 | Lair:4   | 12083 ||| DROPPING ring of magical power.
 12084 | Lair:4   | 12084 ||| DRINKING 2 puce potions.
 12085 | Lair:4   | 12085 ||| DROPPING potion of enlightenment.
 12104 | Lair:5   | Entered Level 5 of the Lair of Beasts
 12106 | Lair:5   | Reached skill level 15 in Ranged Weapons
 12111 | Lair:5   | 12111 ||| INVOKING Heroism.
 12125 | Lair:5   | 12125 ||| STAIRDANCE
 12127 | Lair:4   | 12127 ||| INVOKING Heroism.
 12137 | Lair:4   | HP: 30/123 [death yak (3)]
 12142 | Lair:4   | HP: 26/123 [death yak (1)]
 12389 | Lair:5   | 12389 ||| STAIRDANCE
 12391 | Lair:4   | 12391 ||| INVOKING Heroism.
 12490 | Lair:5   | 12490 ||| STAIRDANCE
 12492 | Lair:4   | 12492 ||| INVOKING Heroism.
 12504 | Lair:4   | HP: 18/123 [death yak (15)]
 12505 | Lair:4   | HP: 8/123 [elephant (9)]
 12506 | Lair:4   | Mangled by a death yak

Levels and vault maps discovered:
D:1:      wander_arrival_desolate, layout_loops_ring, minmay_heptomino_h4
D:2:      cheibrodos_old_hovel, layout_rooms, serial_shops,
          nicolae_shop_just_a_little_nook, ebering_ecumenical_altar_petrified
D:3:      layout_rooms, slow_altar_1
D:4:      layout_gridville, overflow_temple_1_default
D:5:      layout_loops_ring
D:6:      layout_loops_ring, mainiacjoe_overflow_swirl,
          minmay_temple_entry_statues_pillars
D:7:      layout_basic
D:8:      layout_loops_corners, david_lair_shrubbed, hex_medium,
          minmay_door_square, corexii_leaking_fountain
Temple:   bh_familiar_temple
Lair:1:   layout_roguey
Lair:2:   layout_small_grid, minmay_shoals_entry_hut,
          nicolae_spider_entry_non_spiders, grunt_megastairs_2
Lair:3:   layout_gridlike
Lair:4:   layout_loops_ring, grunt_megastairs_1
Lair:5:   minmay_lair_end_enchanted_forest, layout_cave_shapes, slime_entry_1,
          grunt_megastairs_5

Skill      XL: |  1  2  3  4  5  6  7  8  9 10 11 12 13 |
---------------+----------------------------------------+-----
Ranged Weapons | 4 5 6 7 9 10 11 13 14 15 | 15.5
Armour         | 2 3 |  3.3
Fighting       | 3 4 5 6 8 9 10 | 10.0
Dodging        | 2 4 5 6 |  6.0
Invocations    | 4 6 10 | 10.0
Stealth        | |  1.5

Action                     |  1- 3 |  4- 6 |  7- 9 | 10-12 | 13-15 || total
---------------------------+-------+-------+-------+-------+-------++-------
   Fire: Shortbow          |    57 |   105 |   298 |       |       ||   460
         Arbalest          |       |       |    59 |   325 |   155 ||   539
 Invoke: Heroism           |       |       |     3 |    24 |     5 ||    32
Ability: Spit Poison       |    23 |    31 |    67 |    39 |       ||   160
    Use: Scroll            |     5 |     2 |     6 |     4 |       ||    17
         Potion            |     1 |     6 |     5 |     7 |     1 ||    20
 Armour: Leather armour    |     6 |    76 |    27 |       |       ||   109
         Robe              |       |       |   141 |   149 |   106 ||   396
  Dodge: Dodged            |    10 |    50 |   113 |   144 |   137 ||   454
  Block: Other             |       |       |    12 |    42 |    27 ||    81

Table legend:
 A = Non-vault XP
 B = Vault XP
 C = Vault XP percentage of total XP
 D = Non-vault monster count
 E = Vault monster count
 F = Vault count percentage of total count
                 A         B        C        D         E       F
            +---------+---------+-------+---------+---------+-------
      Total |   36550 |    7319 |  16.7 |     251 |      38 |  13.1
            +---------+---------+-------+---------+---------+-------
        D:1 |      36 |       4 |  10.0 |      18 |       3 |  14.3
        D:2 |      16 |       1 |   5.9 |       9 |       1 |  10.0
        D:3 |     144 |      39 |  21.3 |      12 |       1 |   7.7
        D:4 |     438 |       0 |   0.0 |      27 |       0 |   0.0
        D:5 |     595 |       0 |   0.0 |      19 |       0 |   0.0
        D:6 |    1022 |       0 |   0.0 |      18 |       0 |   0.0
        D:7 |    1069 |       0 |   0.0 |      24 |       0 |   0.0
        D:8 |    2578 |     372 |  12.6 |      30 |       1 |   3.2
     Lair:1 |    4618 |       0 |   0.0 |      16 |       0 |   0.0
     Lair:2 |    9002 |    1317 |  12.8 |      29 |      11 |  27.5
     Lair:3 |    8423 |       0 |   0.0 |      24 |       0 |   0.0
     Lair:4 |    8609 |    4582 |  34.7 |      25 |      16 |  39.0
     Lair:5 |       0 |    1004 | 100.0 |       0 |       5 | 100.0
            +---------+---------+-------+---------+---------+-------
